 Dungeon Crawl Stone Soup version 0.32-a0-586-gd5c3ca0 (webtiles) character file.

Game seed: 13739026330627217054

496810 Ultraman80 the Shapeless Draconian (level 23, -3/227 HPs)
             Began as a Black Draconian Shapeshifter on Mar 2, 2024.
             Was the Champion of Wu Jian.
             Slain by a vampire knight
             ... wielding a +0 battleaxe
              (26 damage)
             ... on level 1 of the Crypt.
             The game lasted 02:09:16 (76673 turns).

Ultraman80 the Shapeless Draconian (DrSh)          Turns: 76673, Time: 02:09:17

Health: -3/227     AC: 21    Str: 19    XL:     23   Next: 68%
Magic:  32/32      EV: 16    Int: 15    God:    Wu Jian [******]
Gold:   1841       SH: 11    Dex: 14    Spells: 14/22 levels left

rFire   . .          .
                       - Unarmed
rCold   + + +        j - +2 kite shield {rC+}
rNeg    + + +        (body armour unavailable)
rPois   ∞            G - +2 hat
rElec   +            M - +0 cloak {Stlth+}
rCorr   .            P - +3 pair of gauntlets of War {Slay+5}
SInv    .            a - +2 pair of boots {Stlth+}
Will    +++..        E - amulet of Vitality {Regen++ RegenMP++}
Stlth   ++++++       b - ring of Zoweirom {MP+9 EV+5 Int+2}
HPRegen 2.17/turn    O - ring "Ceschi" {rC+ rN+ Will+ Str+2 Dex-5}
MPRegen 1.03/turn

%: no passive effects
@: exhausted, about to teleport, death-form, flying
A: vile attack, torment immunity, no potions, flying, (galvanic breath), AC +11,
unfitting armour, big wings, electricity resistance, cold-blooded
}: 3/15 runes: decaying, silver, gossamer
a: Siphon Essence, Begin Untransformation, Renounce Religion, Wall Jump,
Serpent's Lash, Heavenly Storm


You were on level 1 of the Crypt.
You worshipped Wu Jian.
Wu Jian was exalted by your worship.
You were an undying horror.
You visited 9 branches of the dungeon, and saw 41 of its levels.
You also visited: Desolation.

You collected 5639 gold pieces.
You spent 3798 gold pieces at shops.

Inventory:

Missiles
 C - 16 curare-tipped darts
 Q - 25 javelins
 Y - 5 throwing nets
Armour
 a - a +2 pair of boots of stealth (worn)
 j - a +2 kite shield of cold resistance (worn)
 G - a +2 hat (worn)
 M - a +0 cloak of stealth (worn)
 P - the +3 pair of gauntlets of War (worn) {Slay+5}
   (You found it in the Desolation of Salt)

   Slay+5:    It affects your accuracy & damage with ranged weapons and melee
   (+5).
Jewellery
 b - a ring of Zoweirom (left hand) {MP+9 EV+5 Int+2}
   (You acquired it on level 4 of the Swamp)

   [ring of evasion]

   EV+5:      It affects your evasion (+5).
   Int+2:     It affects your intelligence (+2).
   MP+9:      It affects your magic capacity (+9).
 c - the ring of Pride {Ice Slay+2}
   (You took it off Josephina on level 1 of the Crypt)

   [ring of ice]

   Ice:       It enhances your ice magic.
   Slay+2:    It affects your accuracy & damage with ranged weapons and melee
   (+2).
   rF-:       It makes you vulnerable to fire.
   rC+:       It protects you from cold.
 q - the ring of Honesty {rN+ rCorr}
   (You acquired it on level 5 of the Vaults)

   [ring of positive energy]

   rN+:       It protects you from negative energy.
   rCorr:     It protects you from acid and corrosion.
 D - the amulet of the Madman {Acrobat rC+ rCorr}
   (You bought it in a shop on level 2 of the Elven Halls)

   [amulet of the acrobat]

   Acrobat:   It increases your evasion while moving and waiting.
   rC+:       It protects you from cold.
   rCorr:     It protects you from acid and corrosion.
 E - the amulet of Vitality (around neck) {Regen++ RegenMP++}
   (You took it off a deep elf annihilator on level 3 of the Elven Halls)

   [amulet of nothing]

   Regen++:   It increases your rate of health regeneration.
   RegenMP++: It increases your rate of magic regeneration.
 O - the ring "Ceschi" (right hand) {rC+ rN+ Will+ Str+2 Dex-5}
   (You found it on level 4 of the Lair of Beasts)

   [ring of willpower]

   Str+2:     It affects your strength (+2).
   Dex-5:     It affects your dexterity (-5).
   rC+:       It protects you from cold.
   rN+:       It protects you from negative energy.
   Will+:     It increases your willpower.
 R - the ring "Aheacou" {rC+ rN+}
   (You acquired it on level 5 of the Vaults)

   [ring of positive energy]

   rC+:       It protects you from cold.
   rN+:       It protects you from negative energy.
Talismans
 y - a storm talisman
 L - a talisman of death (active)
Wands
 F - a wand of digging (6)
 T - a wand of acid (16)
Scrolls
 d - 8 scrolls of silence
 e - 2 scrolls of blinking
 g - 4 scrolls of revelation
 k - 16 scrolls of teleportation
 l - 6 scrolls of brand weapon
 m - 8 scrolls of poison
 o - 8 scrolls of enchant armour
 s - 9 scrolls of immolation
 u - 2 scrolls of fear
 v - 8 scrolls of enchant weapon
 w - 7 scrolls of amnesia
 J - 9 scrolls of fog
 X - 3 scrolls of torment
Potions
 f - 7 potions of lignification
 h - a potion of resistance
 i - 2 potions of invisibility
 n - 10 potions of brilliance
 p - 21 potions of curing
 r - 8 potions of enlightenment
 t - 6 potions of heal wounds
 x - 10 potions of mutation
 z - 7 potions of ambrosia
 A - 4 potions of might
 B - 7 potions of haste
 H - 12 potions of attraction
 I - 4 potions of cancellation
 K - 7 potions of magic
 N - 4 potions of berserk rage
Miscellaneous
 U - a phantom mirror


   Skills:
 * Level 23.4 Fighting
 - Level 1.7 Dodging
 - Level 10.0 Stealth
 - Level 5.2 Shields
 + Level 21.5 Unarmed Combat
 O Level 27 Shapeshifting


You had 14 spell levels left.
You knew the following spells:

 Your Spells              Type           Power      Damage    Failure   Level
q - Blink                 Tloc           0%         N/A       67%         2
w - Lesser Beckoning      Tloc           0%         N/A       67%         2
z - Manifold Assault      Tloc           0%         N/A       99%         4

Your spell library contained the following spells:

 Spells                   Type           Power      Damage    Failure   Level
 Foxfire                  Conj/Fire      0%         2x1d4     54%         1
 Freeze                   Ice            0%         1d3       54%         1
 Kiss of Death            Conj/Necr      0%         2d5       54%         1
 Necrotise                Necr           0%         1d4       54%         1
 Shock                    Conj/Air       0%         1d3       54%         1
 Sting                    Conj/Alch      0%         1d3       54%         1
 Call Imp                 Summ           0%         N/A       67%         2
 Cigotuvi's Dreadful Rot  Necr/Alch/Air  0%         N/A       67%         2
 Ensorcelled Hibernation  Hex/Ice        0%         N/A       67%         2
 Mercury Vapours          Alch/Air       0%         N/A       67%         2
 Static Discharge         Conj/Air       0%         3-3/arc   67%         2
 Sublimation of Blood     Necr           0%         N/A       67%         2
 Confusing Touch          Hex            0%         N/A       88%         3
 Frozen Ramparts          Ice            0%         1d1       88%         3
 Fugue of the Fallen      Necr           0%         N/A       88%         3
 Hailstorm                Conj/Ice       0%         3d5       88%         3
 Inner Flame              Hex/Fire       0%         N/A       88%         3
 Mephitic Cloud           Conj/Alch/Air  0%         N/A       88%         3
 Ozocubu's Armour         Ice            0%         N/A       88%         3
 Passwall                 Erth           0%         N/A       88%         3
 Stone Arrow              Conj/Erth      0%         3d7       88%         3
 Swiftness                Air            0%         N/A       88%         3
 Tukima's Dance           Hex            0%         N/A       88%         3
 Airstrike                Air            0%         2d(0-16)  99%         4
 Anguish                  Hex/Necr       0%         N/A       99%         4
 Cause Fear               Hex            0%         N/A       99%         4
 Dimensional Bullseye     Hex/Tloc       0%         N/A       99%         4
 Dispel Undead            Necr           0%         3d6       99%         4
 Iskenderun's Mystic Bla  Conj/Tloc      0%         2d3       99%         4
 Leda's Liquefaction      Alch/Erth      0%         N/A       99%         4
 Olgreb's Toxic Radiance  Alch           0%         N/A       99%         4
 Petrify                  Alch/Erth      0%         N/A       99%         4
 Summon Lightning Spire   Summ/Air       0%         N/A       99%         4
 Fireball                 Conj/Fire      0%         3d3       100%        5
 Freezing Cloud           Conj/Ice/Air   0%         6-21      100%        5
 Irradiate                Conj/Alch      0%         3d11      100%        5
 Iskenderun's Battlesphe  Conj           0%         2d6       100%        5
 Metabolic Englaciation   Hex/Ice        0%         N/A       100%        5
 Bombard                  Conj/Erth      0%         9d1       100%        6
 Dispersal                Tloc           0%         N/A       100%        6
 Eringya's Noxious Bog    Alch           0%         4d6       100%        6
 Plasma Beam              Fire/Air       0%         2x1d10    100%        6
 Sculpt Simulacrum        Ice/Alch       0%         N/A       100%        6
 Starburst                Conj/Fire      0%         6d3       100%        6
 Haunt                    Necr/Summ      0%         N/A       100%        7
 Malign Gateway           Summ/Tloc      0%         N/A       100%        7
 Spellforged Servitor     Conj/Summ      0%         N/A       100%        7
 Summon Hydra             Summ           0%         N/A       100%        7
 Disjunction              Tloc           0%         N/A       100%        8
 Ignition                 Fire           0%         3d3       100%        8
 Lehudib's Crystal Spear  Conj/Erth      0%         10d2      100%        8
 Summon Horrible Things   Summ           0%         N/A       100%        8
 Dragon's Call            Summ           0%         N/A       100%        9
 Animate Armour           Summ/Erth      Unusable   N/A       N/A         4

Dungeon Overview and Level Annotations

Branches:
Dungeon (15/15) Zot: 22851  Temple (1/1) D:7 Zot: 5934    Lair (5/5) D:11 Zot: 18150
  Swamp (4/4) Lair:3 Zot: 17353  Spider (4/4) Lair:2 Zot: 12796   Slime (0/5) Lair:4
    Orc (2/2) D:11 Zot: 7705     Elf (3/3) Orc:2 Zot: 13370  Vaults (5/5) D:13 Zot: 21701
  Crypt (2/3) Vaults:3 Zot: 10663  Depths (0/4) D:15        Desolation (visited)

Altars:
Ashenzari
Cheibriados
Dithmenos
Elyvilon
Fedhas
Gozag
Hepliaklqana
Kikubaaqudgha
Makhleb
Nemelex Xobeh
Okawaru
Qazlal
Ru
Sif Muna
Trog
Uskayaw
Vehumet
Wu Jian
Xom
Yredelemnul
Zin
The Shining One
Jiyva

Shops:
D:2 :   D:8 =   D:9 =*[   Orc:2 :*[(   Elf:2 ==:   Vaults:3 (

Annotations:
Crypt:1 1 runed translucent door, Tanach's ghost, legendary CoWr


Innate Abilities, Weirdness & Mutations

You are an undying horror.
Your melee and unarmed attacks drain, slow and weaken victims.
You are immune to unholy pain and torment.
You cannot drink.
You are flying.
You are immune to poison.
((You can breathe arcing electricity.))
Your glossy black scales are hard. (AC +11)
You cannot fit into any form of body armour.
Your large and strong wings let you fly.
You are resistant to electric shocks. (rElec)
You are cold-blooded and may be slowed by cold attacks.


Message History

* * * LOW HITPOINT WARNING * * *
Something bites you.
* * * LOW HITPOINT WARNING * * *
The revenant blinks!
You fly upwards.
Level annotation: 1 runed translucent door, Tanach's ghost, legendary CoWr Reactivating autopickup.
You feel yourself speed up.
There is a stone staircase leading down here.
You take 7 HP, and have [30/227] HP You squash the phantasmal warrior like an ant!!!
You destroy the phantasmal warrior!
The Council accepts your kill. Something barely misses you.
Something bites you but does no damage.
Deactivating autopickup; reactivate with Ctrl-A.
You start resting.
You block something's attack. Something bites you but does no damage.
Something hits you!
* * * LOW HITPOINT WARNING * * *
Something bites you but does no damage.
You take 13 HP, and have [18/227] HP
Okay, then.
Unknown command.
Okay, then.
Okay, then.
Unknown command.
You cannot drink potions in your current state!
Blink to where?
Press: ? - help, Dir - move target
As you read the scroll of blinking, it crumbles to dust.
You gain 3 hp, and have [21/227] hp.
As you read the scroll of teleportation, it crumbles to dust.
You feel strangely unstable. Something hits you.
* * * LOW HITPOINT WARNING * * *
You block something's attack.
You take 2 HP, and have [19/227] HP
Okay, then.
Aiming: Wall Jump
Press: ? - help, Dir - move target Something hits you!!
You die...

......................!..)....###
##.....#####.....................
#.....##...######.###....###.#..
##....##...# #.# #....# #.#..
####.##...######.###....# #....
##.................#### #....
#...###......#.##...# #....
#####...# #....○○°.##...# #.###
........# #...#○z○.##...# #.#
######.## #####○○°.###### #.#
...###.# ##.[..# #.# .......#
#...#.# #.# ...#...# #...#.###
#.# ####...#######...[...# #.#
.....................# #.#
#...#########....§...# #.###
#...# #...###### #....


There were no monsters in sight!

Vanquished Creatures
  Josephina (Crypt:1)
  Bai Suzhen (Swamp:3)
  Margery (Vaults:2)
  2 golden dragons (Vaults:5)
  3 tentacled monstrosities
  5 liches
  4 deep elf blademasters
  2 quicksilver dragons
  5 titans
  3 deep elf master archers (Elf:3)
  8 sphinxes
  A searing wretch (Vaults:2)
  An ancient champion (Vaults:3)
  2 thorn hunters
  5 storm dragons (Vaults:5)
  5 shadow dragons (Vaults:5)
  An azure jelly (Swamp:4)
  5 fenstrider witches
  A tengu reaver (Vaults:4)
  4 fire giants
  3 revenants
  3 frost giants (Vaults:5)
  14 deep elf sorcerers
  4 emperor scorpions
  6 ghost moths
  2 orc warlords (Orc:2)
  2 imperial myrmidons (Desolation)
  12 vault wardens
  Louise (Swamp:4)
  7 ghouls
  7 deep elf elementalists
  2 formless jellyfish (Vaults:4)
  17 ironbound preservers
  7 ironbound thunderhulks
  2 broodmothers
  Nessos (D:15)
  2 very ugly things (Vaults:5)
  6 stone giants (Vaults:5)
  3 eleionomae
  2 vampire knights (Crypt:1)
  8 deep elf death magi
  8 deep elf demonologists
  The ghost of december12 the Prestidigitator, a journeyman BaAr of Makhleb (D:12)
  10 deep elf annihilators
  A halazid warlock (Desolation)
  2 spark wasps
  12 dire elephants
  The ghost of Haresteo the Grappler, a journeyman TrSh of Sif Muna (D:13)
  2 war gargoyles (Vaults:4)
  Azrael (D:14)
  2 bunyips
  2 eidola
  Snorg (D:10)
  11 deep elf high priests
  10 ettins
  3 crystal guardians
  8 great orbs of eyes
  9 ragged hierophants (Desolation)
  Harold (D:10)
  14 yaktaur captains
  The ghost of tls9540 the Brawler, a journeyman TrFi of Cheibriados (D:10)
  An entropy weaver (shapeshifter) (Elf:3)
  A catoblepas (D:8)
  2 rakshasas (D:15)
  41 vault guards
  3 ice dragons
  4 entropy weavers
  11 servants of whispers (Desolation)
  4 ghost crabs (Swamp:3)
  20 hydras
  12 peacekeepers
  A two-headed ogre (shapeshifter) (Vaults:5)
  A spriggan skeleton (Crypt:1)
  3 jorogumos
  Erica (D:10)
  11 centaur warriors
  7 boulder beetles
  4 ogre magi
  9 ironbound frosthearts
  33 dancing weapons
  5 radroaches
  5 tengu warriors
  A death knight (Vaults:3)
  13 death yaks
  12 alligators
  9 two-headed ogres
  A deep troll earth mage (Vaults:5)
  2 vampire magi
  11 demonic crawlers
  6 orc high priests (Orc:2)
  3 hell knights (Vaults:2)
  3 spriggan berserkers (Swamp:4)
  Sonja (D:11)
  Urug (Lair:2)
  15 deep elf knights
  A soul eater (Crypt:2)
  A shock serpent (shapeshifter) (Vaults:5)
  3 skysharks
  7 pharaoh ants
  Amaemon (Lair:3)
  6 goliath frogs
  A titan skeleton (Crypt:1)
  A shadow wraith (Crypt:1)
  A sun moth (Spider:2)
  3 flayed ghosts
  A death drake (Swamp:3)
  38 deep trolls
  9 skeletal warriors
  11 orb spiders
  7 arcanists
  12 bog bodies
  A spriggan druid (Swamp:4)
  2 swamp dragons
  3 spriggan simulacra (Crypt:1)
  6 necromancers
  4 harpies
  8 lindwurms
  8 deep elf archers
  15 deep elf pyromancers
  14 deep elf zephyrmancers
  11 steelbarb worms
  23 ironbound convokers
  5 thermic dynamos
  3 orc knights (Orc:2)
  12 phantasmal warriors
  An iron giant skeleton (Crypt:1)
  28 wolf spiders
  A harpy (shapeshifter) (D:14)
  37 ugly things
  A stone giant zombie (Vaults:1)
  3 manticores
  An oklob plant (Lair:2)
  A jorogumo skeleton (Crypt:1)
  7 cyclopes
  6 orc sorcerers (Orc:2)
  6 will-o-the-wisps
  Maurice (D:10)
  2 black mambas
  10 elephants
  A frost giant skeleton (Vaults:1)
  Joseph (D:7)
  6 meliai
  4 centaur zombies (D:9)
  6 kobold blastminers
  7 moths of wrath
  18 vault sentinels
  2 gargoyles
  5 guardian serpents (Desolation)
  3 molten gargoyles (Desolation)
  18 cane toads
  A centaur skeleton (Crypt:1)
  5 orange demons
  A steelbarb worm zombie (Crypt:2)
  2 kobold demonologists (D:14)
  7 torpor snails
  7 rime drakes
  Jeremiah (D:7)
  An elf zombie (Vaults:1)
  14 komodo dragons
  35 yaktaurs
  5 freezing wraiths
  An alligator snapping turtle skeleton (Crypt:2)
  3 tengu conjurers
  8 trolls
  A bloated husk (Swamp:3)
  A merfolk (Orc:2)
  A wolf spider simulacrum (D:10)
  A shadow dragon simulacrum (Crypt:1)
  28 tarantellas
  10 tyrant leeches
  3 polar bears
  A queen bee (D:12)
  A tarantella (shapeshifter) (Elf:1)
  16 hornets
  74 saltlings
  17 blink frogs
  13 dream sheep
  43 jumping spiders
  5 meliai zombies (D:9)
  A spriggan (shapeshifter) (D:15)
  27 slime creatures
  10 spriggans
  16 culicivoras
  An ice dragon skeleton (Crypt:1)
  5 air elementals
  A naga simulacrum (Crypt:1)
  A yak (shapeshifter) (D:15)
  69 yaks
  3 shadows
  6 vampires
  3 water elementals
  10 wraiths
  12 wyverns
  A black mamba skeleton (Crypt:1)
  A warg (shapeshifter) (D:13)
  6 fire elementals
  13 vampire mosquitoes
  7 basilisks
  2 steam dragons (D:8)
  6 wargs
  3 swamp worm simulacra (Swamp:4)
  52 redbacks
  Menkaure (D:5)
  18 swamp worms
  A swamp worm (shapeshifter) (Vaults:3)
  A naga zombie (Crypt:1)
  8 acid dragons
  A deep troll zombie (Crypt:1)
  3 hell hounds
  11 water moccasins
  A deep troll skeleton (Crypt:2)
  14 hydra simulacra (Swamp:4)
  37 orc warriors
  A swamp drake (Swamp:1)
  An ice beast (D:6)
  4 sky beasts
  3 black bears
  A swamp dragon zombie (Crypt:1)
  12 laughing skulls
  15 ogres
  6 boggarts
  11 wolves
  18 centaurs
  4 phantoms (D:9)
  6 kobold brigands
  8 bullfrogs
  3 earth elementals
  10 scorpions
  A salamander skeleton (Crypt:1)
  9 wights
  A swamp dragon simulacrum (Crypt:1)
  A queen bee zombie (Crypt:1)
  21 killer bees
  5 electric eels (D:13)
  4 howler monkeys
  A jelly (D:6)
  3 hounds
  2 gnoll boudas
  26 orc priests
  6 iguanas
  35 orc wizards
  A sleepcap (D:6)
  Ijyb (D:4)
  Terence (D:2)
  11 hell rats (Lair:2)
  2 howler monkey zombies (D:8)
  Robin (D:4)
  6 gnolls
  8 adders
  10 river rats (Lair:2)
  4 white imps
  2 ufetubi (D:7)
  5 swamp drake simulacra (Swamp:4)
  4 dart slugs
  7 ribbon worms
  107 orcs
  4 endoplasms
  6 giant cockroaches
  15 goblins
  13 hobgoblins
  9 quokkas
  5 ball pythons
  5 bats
  A frilled lizard (D:3)
  16 kobolds
  19 rats
2061 creatures vanquished.

Vanquished Creatures (others)
  A deep elf demonologist (Elf:3)
  A death drake (Swamp:3)
  2 swamp dragons
  A deep elf archer (Elf:1)
  A yaktaur (D:14)
  5 bloated husks
  4 swamp worms (Swamp:3)
  An orc wizard (D:12)
  31 foxfires
47 creatures vanquished.

Grand Total: 2108 creatures vanquished

Notes
Turn   | Place    | Note
-------+----------+-------------------------------------------
     0 | D:1      | Ultraman80 the Draconian Shapeshifter began the quest for
                  | the Orb.
     0 | D:1      | Reached XP level 1. HP: 16/16 MP: 1/1
   194 | D:1      | Reached XP level 2. HP: 23/23 MP: 0/2
   251 | D:1      | Found a faded altar of an unknown god.
   304 | D:1      | Prayed at the altar of an unknown god.
   304 | D:1      | Became a worshipper of Elyvilon the Healer
   304 | D:1      | Reached * piety under Elyvilon
   603 | D:1      | You fall into a shaft and drop 1 floor!
   682 | D:2      | Reached skill level 4 in Shapeshifting
   808 | D:2      | Reached XP level 3. HP: 28/28 MP: 1/3
  1253 | D:2      | Found Kubbast's Book Emporium.
  1324 | D:2      | You fall into a shaft and drop 1 floor!
  1324 | D:3      | Reached ** piety under Elyvilon
  1610 | D:2      | Noticed Terence
  1615 | D:2      | Killed Terence
  1616 | D:2      | Reached XP level 4. HP: 25/35 MP: 1/4
  1803 | D:3      | Reached skill level 5 in Shapeshifting
  2448 | D:4      | Reached XP level 5. HP: 29/40 MP: 5/5
  2578 | D:4      | Reached *** piety under Elyvilon
  2743 | D:4      | Noticed Ijyb
  2795 | D:4      | Killed Ijyb
  3145 | D:4      | Reached skill level 6 in Shapeshifting
  3193 | D:4      | Noticed an ogre
  3195 | D:4      | Noticed Robin
  3204 | D:4      | Killed an ogre
  3205 | D:4      | Reached XP level 6. HP: 22/47 MP: 6/6
  3209 | D:4      | Killed Robin
  3351 | D:4      | Found a sacrificial altar of Ru.
  3606 | D:5      | Entered Level 5 of the Dungeon
  3703 | D:5      | Reached skill level 7 in Shapeshifting
  3991 | D:5      | Your scales start taking on a glossy black colour.
  3991 | D:5      | Reached XP level 7. HP: 33/52 MP: 7/7
  3991 | D:5      | Gained mutation: You are resistant to electric shocks.
                  | (rElec) [Black Draconian growth]
  4183 | D:5      | Reached **** piety under Elyvilon
  4450 | D:5      | Noticed Menkaure
  4471 | D:5      | Killed Menkaure
  4472 | D:5      | Reached skill level 8 in Shapeshifting
  5285 | D:6      | Found a radiant altar of Vehumet.
  5328 | D:6      | Reached skill level 9 in Shapeshifting
  5328 | D:6      | Reached XP level 8. HP: 55/59 MP: 8/8
  5566 | D:6      | Reached skill level 10 in Shapeshifting
  6245 | D:7      | Found a staircase to the Ecumenical Temple.
  6252 | Temple   | Entered the Ecumenical Temple
  6288 | D:7      | Reached XP level 9. HP: 47/73 MP: 9/9
  6391 | D:7      | Found a large runed translucent door.
  6391 | D:7      | Found a large runed translucent door.
  6391 | D:7      | Found a shimmering altar of Xom.
  6439 | D:7      | Reached skill level 5 in Fighting
  6558 | D:7      | Reached skill level 5 in Unarmed Combat
  6624 | D:7      | Noticed Jeremiah
  6687 | D:7      | Killed Jeremiah
  6859 | D:7      | Noticed Joseph
  6867 | D:7      | Paralysed by Joseph for 5 turns
  6873 | D:7      | Killed Joseph
  7657 | D:8      | Found Xoulud Sycosch's Jewellery Shoppe.
  7875 | D:8      | Identified the +7 spear "Jum Puxo" {venom, rPois}
  7893 | D:8      | Found a hazy altar of Hepliaklqana.
  7895 | D:8      | Found a transporter.
  7895 | D:8      | Noticed a yaktaur
  7922 | D:8      | Noticed a boulder beetle
  7923 | D:8      | Found a bloodstained altar of Trog.
  7923 | D:8      | Noticed a cyclops
  7928 | D:8      | Found a transporter.
  8159 | D:8      | Found a burning altar of Makhleb.
  8192 | D:8      | Found a blossoming altar of Fedhas.
  8279 | D:8      | Reached ***** piety under Elyvilon
  8406 | D:8      | Noticed a catoblepas
  8407 | D:8      | Noticed a red ugly thing
  8564 | D:8      | HP: 2/81 [catoblepas (32)]
  8706 | D:8      | Noticed a two-headed ogre
  8709 | D:8      | Reached XP level 10. HP: 77/88 MP: 10/10
  8713 | D:8      | Killed a two-headed ogre
  9065 | D:8      | Found an iron altar of Okawaru.
  9080 | D:8      | Paralysed by a hornet for 1 turns
  9304 | D:8      | Found a blossoming altar of Fedhas.
  9305 | D:8      | Found a broken altar of Ashenzari.
  9305 | D:8      | Found an iron altar of Okawaru.
  9319 | D:8      | Killed a red ugly thing
  9506 | D:8      | Found a basalt altar of Yredelemnul.
  9848 | D:8      | Noticed a purple ugly thing
  9856 | D:8      | Killed a purple ugly thing
  9857 | D:8      | Reached skill level 10 in Fighting
  9867 | D:8      | Reached skill level 10 in Unarmed Combat
 10194 | D:8      | Identified the +2 halberd "Jetaosoh" {chaos, Will+ Dex+3}
 10289 | D:8      | Killed a catoblepas
 10290 | D:8      | Reached XP level 11. HP: 83/101 MP: 11/11
 10400 | D:9      | Noticed a two-headed ogre
 10438 | D:9      | Found Ocarhi Tuiso's Antique Armour Boutique.
 10736 | D:9      | Paralysed by a hornet for 2 turns
 10892 | D:9      | Found an iron altar of Okawaru.
 11205 | D:9      | Found Tih Gauk's Jewellery Emporium.
 11858 | D:9      | Reached skill level 11 in Shapeshifting
 12100 | D:9      | Killed a two-headed ogre
 12514 | D:9      | Found Xiucuth's General Store.
 12522 | D:9      | Bought a scroll of teleportation for 39 gold pieces
 12522 | D:9      | Bought a scroll of identify for 26 gold pieces
 12522 | D:9      | Bought a potion of mutation for 104 gold pieces
 12522 | D:9      | Bought a throwing net for 39 gold pieces
 12974 | D:9      | Reached XP level 12. HP: 105/115 MP: 12/12
 13212 | D:9      | Identified the +1 rapier of Yredelemnul's Hope {antimagic,
                  | Dex+4 SInv}
 13552 | D:10     | Entered Level 10 of the Dungeon
 13727 | D:10     | Noticed Maurice
 13735 | D:10     | Killed Maurice
 13774 | D:10     | Noticed Erica
 13835 | D:10     | Killed Erica
 14015 | D:10     | Found a shadowy altar of Dithmenos.
 14243 | D:10     | Noticed tls9540's ghost (journeyman TrFi)
 14244 | D:10     | Noticed a lich
 14278 | D:10     | Paralysed by a hornet for 3 turns
 14500 | D:10     | Found a runed translucent door.
 14500 | D:10     | Found a runed translucent door.
 14506 | D:10     | Noticed a tengu warrior
 14509 | D:10     | Noticed a four-headed hydra
 14714 | D:11     | Noticed Harold
 14724 | D:11     | Noticed Sonja
 14736 | D:10     | Killed Harold
 14737 | D:10     | Reached skill level 12 in Shapeshifting
 15096 | D:11     | Noticed a boulder beetle
 15111 | D:10     | Killed a boulder beetle
 15112 | D:10     | Reached skill level 15 in Fighting
 15480 | D:11     | Noticed Snorg
 15700 | D:10     | Elyvilon protects you from harm!
 15706 | D:10     | HP: 8/181 [Snorg (17)]
 15706 | D:10     | Elyvilon protects you from harm!
 15708 | D:10     | Killed Snorg
 16265 | D:11     | Found a staircase to the Lair.
 16474 | D:11     | Killed Sonja
 17191 | D:11     | Found a staircase to the Orcish Mines.
 17702 | Orc:1    | Entered Level 1 of the Orcish Mines
 18166 | Orc:1    | Reached skill level 13 in Shapeshifting
 18166 | Orc:1    | Reached XP level 13. HP: 125/128 MP: 13/13
 18547 | Orc:1    | Found a radiant altar of Vehumet.
 18697 | Orc:2    | Entered Level 2 of the Orcish Mines
 19157 | Orc:2    | Reached skill level 14 in Shapeshifting
 19289 | Orc:2    | Identified the +1 chain mail of the Equinox {Int+3}
 19716 | Orc:2    | Noticed an orc warlord
 19839 | Orc:2    | Killed an orc warlord
 19917 | Orc:2    | Found a staircase to the Elven Halls.
 20731 | Orc:2    | Noticed an orc warlord
 20793 | Orc:2    | Reached skill level 15 in Shapeshifting
 21543 | Orc:2    | Killed an orc warlord
 21906 | Orc:2    | Reached skill level 16 in Shapeshifting
 22068 | Orc:2    | Found Xohus's General Store.
 22069 | Orc:2    | Found Bejimoko's Book Emporium.
 22071 | Orc:2    | Found Ojaczu's Antique Armour Shoppe.
 22071 | Orc:2    | Found Pungausa's Antique Weapon Shoppe.
 22086 | Orc:2    | Bought a scroll of identify for 26 gold pieces
 22086 | Orc:2    | Bought a scroll of enchant armour for 97 gold pieces
 22086 | Orc:2    | Bought a scroll of identify for 26 gold pieces
 22086 | Orc:2    | Bought a potion of curing for 39 gold pieces
 22086 | Orc:2    | Bought a potion of brilliance for 52 gold pieces
 22191 | Lair:1   | Entered Level 1 of the Lair of Beasts
 22565 | D:11     | Gained mutation: Your large and strong wings let you fly.
                  | [Black Draconian growth]
 22565 | D:11     | Reached XP level 14. HP: 132/137 MP: 14/14
 22651 | Lair:1   | Reached ****** piety under Elyvilon
 23648 | Lair:2   | Noticed Urug
 23751 | Lair:2   | Killed Urug
 23897 | Lair:2   | Reached skill level 17 in Shapeshifting
 24719 | Lair:2   | Found a hole to the Spider Nest.
 26205 | Lair:3   | Reached skill level 18 in Shapeshifting
 26620 | Lair:3   | Found a staircase to the Swamp.
 26885 | Lair:3   | Noticed Amaemon
 26928 | Lair:3   | Killed Amaemon
 27938 | Lair:4   | Found a viscous altar of Jiyva.
 27938 | Lair:4   | Found a staircase to the Slime Pits.
 28114 | Lair:4   | Reached XP level 15. HP: 139/144 MP: 15/15
 28364 | Lair:4   | Identified the ring "Ceschi" {rC+ rN+ Will+ Str+2 Dex-5}
 28401 | Lair:4   | Reached skill level 19 in Shapeshifting
 28963 | Lair:5   | Entered Level 5 of the Lair of Beasts
 32009 | D:12     | Noticed december12's ghost (journeyman BaAr)
 32050 | D:12     | Found a transporter.
 32052 | D:12     | Found a transporter.
 32780 | D:13     | Found a runed translucent door.
 32781 | D:13     | Noticed Haresteo's ghost (journeyman TrSh)
 33333 | D:13     | Found a gate to the Vaults.
 33998 | D:13     | Killed Haresteo's ghost
 34394 | D:14     | Found a shimmering altar of Xom.
 34483 | D:14     | Reached skill level 15 in Unarmed Combat
 34493 | D:14     | Reached XP level 16. HP: 140/151 MP: 16/16
 35212 | D:14     | Noticed Azrael
 35249 | D:14     | Killed Azrael
 35723 | D:15     | Entered Level 15 of the Dungeon
 35956 | D:15     | Noticed Nessos
 36190 | D:15     | Killed Nessos
 37629 | D:15     | Found a staircase to the Depths.
 37878 | Spider:1 | Entered Level 1 of the Spider Nest
 38917 | Lair:2   | Elyvilon protects you from harm!
 40939 | Spider:1 | Reached XP level 17. HP: 148/165 MP: 17/17
 42044 | Spider:1 | Reached skill level 20 in Shapeshifting
 45720 | Spider:3 | Identified the +0 scale mail of Unnuitt {Dex+3}
 46213 | Spider:4 | Entered Level 4 of the Spider Nest
 46895 | Spider:4 | Reached skill level 21 in Shapeshifting
 49686 | Spider:4 | Reached XP level 18. HP: 170/178 MP: 18/18
 50753 | Spider:4 | Reached skill level 22 in Shapeshifting
 51300 | Spider:4 | Got a gossamer rune of Zot
 51632 | D:9      | Bought a talisman of death for 880 gold pieces
 51707 | Temple   | Fell from the grace of Elyvilon
 51707 | Temple   | Became a worshipper of the Wu Jian Council
 51847 | D:9      | Bought the ring of the Genius {MP+9 Dex+4} for 389 gold
                  | pieces
 51850 | D:9      | Bought a ring of resist corrosion for 220 gold pieces
 51994 | Swamp:1  | Entered Level 1 of the Swamp
 52000 | Swamp:1  | Learned a level 4 spell: Manifold Assault
 52391 | Swamp:1  | Reached skill level 1 in Stealth
 53716 | Swamp:2  | Reached * piety under Wu Jian
 53825 | Swamp:2  | Reached skill level 1 in Shields
 54219 | Swamp:2  | HP: 7/168 [seven-headed hydra (11)]
 55455 | Swamp:3  | HP: 7/169 [spriggan rider/+0 spear (13)]
 56030 | Swamp:3  | Noticed Bai Suzhen
 56281 | Swamp:3  | Killed Bai Suzhen
 56691 | Swamp:3  | Reached ** piety under Wu Jian
 56740 | Swamp:3  | Reached skill level 5 in Stealth
 57346 | Swamp:3  | Identified a ring of Ugusaq {rN+ Will- rCorr EV+5 Int+3}
 57590 | Swamp:3  | Got the Exposition on the Transmuted Cemetery
 57689 | Swamp:4  | Entered Level 4 of the Swamp
 57917 | Swamp:4  | Reached *** piety under Wu Jian
 57969 | Swamp:4  | Identified the +1 ring mail of the Past {Str+3}
 58024 | Swamp:4  | Identified a scroll of acquirement
 58029 | Swamp:4  | Acquired a ring of Zoweirom {MP+9 EV+5 Int+2}
 58142 | Swamp:4  | Noticed Louise
 58179 | Swamp:4  | Killed Louise
 58180 | Swamp:4  | Reached XP level 19. HP: 180/185 MP: 19/19
 58820 | Swamp:4  | Got a decaying rune of Zot
 59205 | Elf:1    | Entered Level 1 of the Elven Halls
 59294 | Elf:1    | Found a radiant altar of Vehumet.
 59296 | Elf:1    | You are sucked into a shaft and drop 1 floor!
 59299 | Elf:2    | Reached **** piety under Wu Jian
 59315 | Elf:2    | Reached skill level 23 in Shapeshifting
 59505 | Elf:2    | Found a huge runed translucent gate.
 59506 | Elf:2    | Found a huge runed translucent gate.
 59508 | Elf:2    | Found a huge runed translucent gate.
 59509 | Elf:2    | Found a huge runed translucent gate.
 59510 | Elf:2    | Found a huge runed translucent gate.
 59594 | Elf:2    | Reached skill level 5 in Shields
 59924 | Elf:2    | Found Yrusoez's Jewellery Emporium.
 59951 | Elf:2    | Found Nivur's Book Boutique.
 59952 | Elf:2    | Found Ishraoti's Jewellery Emporium.
 59966 | Elf:2    | Bought the amulet of the Madman {Acrobat rC+ rCorr} for 694
                  | gold pieces
 60183 | Elf:2    | Found a shimmering blue altar of Sif Muna.
 60778 | Elf:1    | Found a runed translucent gate.
 60778 | Elf:1    | Found a runed translucent gate.
 60783 | Elf:1    | Found a runed translucent gate.
 60992 | Elf:1    | Reached ***** piety under Wu Jian
 61847 | Elf:1    | You are sucked into a shaft and drop 1 floor!
 61905 | Elf:3    | Entered Level 3 of the Elven Halls
 62256 | Elf:3    | Paralysed by an air elemental for 1 turns
 62613 | Elf:3    | Noticed a Brimstone Fiend
 63109 | Elf:3    | Reached XP level 20. HP: 193/193 MP: 20/20
 63306 | Elf:3    | Reached skill level 24 in Shapeshifting
 63430 | Elf:3    | Identified the +2 mace "Beastslayer" {flame, rN+ Will+
                  | Dex+3}
 63464 | Elf:3    | Identified the staff of the Pillar {rN+ Str+2 Necro Air}
 63468 | Elf:3    | Identified the staff "Fucvublu" {^Drain rPois rF+ Will+
                  | Int+3 Fire}
 63470 | Elf:3    | Got the Precepts of Accompaniment
 63499 | Elf:3    | Identified the staff "Varuec" {rN+ Int+4 Necro}
 63563 | Elf:3    | Identified the +5 war axe of Sunlight {speed, rPois Dex+3}
 63572 | Elf:3    | Identified the staff of Premature Burial {rElec rPois Str-5
                  | Dex+5 Ice Alchemy}
 63575 | Elf:3    | Identified the +4 great sword of the Pharaoh's Fist {drain,
                  | rF+ Int+5 Stlth+}
 64231 | D:10     | Killed tls9540's ghost
 64572 | D:12     | Killed december12's ghost
 64782 | Vaults:1 | Entered Level 1 of the Vaults
 64862 | Vaults:1 | Found a crumbling gateway.
 64875 | Desolati | Entered the Desolation of Salt
 64933 | Desolati | Found the +3 pair of gauntlets of War {Slay+5}
 65066 | Desolati | Identified the amulet of Gobiuck {Acrobat rElec Dex+2}
 65335 | Desolati | Identified the +10 long sword of the Unseen Realm {pain,
                  | MP+9 Str+4}
 65377 | Desolati | Got the Incunabulum of Crystallized Spagyria
 65411 | Desolati | Identified the +1 pair of gloves of Cotseova {rC+ Str+3}
 65511 | Desolati | Identified the +2 scimitar of the Threshing Mosquito {holy,
                  | rC+}
 65529 | Desolati | Identified the +5 hand axe "Ycvonyb" {vamp, rC+}
 65979 | Vaults:1 | Reached XP level 21. HP: 201/201 MP: 21/21
 66609 | Vaults:1 | Reached ****** piety under Wu Jian
 67012 | Vaults:1 | Found the +9 sword of Power {lifebolt}
 67971 | Vaults:2 | Identified the +5 rapier of Kanavymu {spect, rElec rPois
                  | rN+}
 68118 | Orc:2    | Bought the Parchment of Non-Euclidean Silt for 432 gold
                  | pieces
 68121 | Orc:2    | Learned a level 2 spell: Blink
 68124 | Orc:2    | Learned a level 2 spell: Lesser Beckoning
 68352 | Vaults:2 | Noticed Margery
 68363 | Vaults:2 | Killed Margery
 68364 | Vaults:2 | Reached skill level 25 in Shapeshifting
 68672 | Vaults:2 | Reached skill level 10 in Stealth
 70584 | Vaults:3 | Found Zufichim's Weapon Boutique.
 70631 | Vaults:3 | Found a staircase to the Crypt.
 70838 | Vaults:3 | Reached skill level 26 in Shapeshifting
 71011 | Vaults:3 | Reached XP level 22. HP: 209/209 MP: 22/22
 72022 | Vaults:4 | Reached skill level 27 in Shapeshifting
 72676 | Vaults:5 | Entered Level 5 of the Vaults
 72697 | Vaults:5 | Noticed a golden dragon
 72714 | Vaults:5 | Killed a golden dragon
 72716 | Vaults:5 | Identified the +0 leather armour of the Invisible Knives
                  | {rElec Slay+6}
 72719 | Vaults:5 | Reached XP level 23. HP: 137/221 MP: 23/23
 73936 | Vaults:5 | Identified the +8 bardiche of Prudence {flame, rN+ Str+3
                  | Int+3 Dex+2}
 73937 | Vaults:5 | Identified the +7 long sword of Eternal Harmony {freeze,
                  | rC- Str+3 Int+4 Dex+3}
 74026 | Vaults:5 | Identified the +4 rapier of Cowardice {vamp, Will+ Int+2
                  | Stlth+}
 74031 | Vaults:5 | Identified the ring "Xituas" {Ice Int+3 Dex+2}
 74377 | Vaults:5 | Got a silver rune of Zot
 74631 | Vaults:5 | Found Reiqoy's Distillery.
 74641 | Vaults:5 | Bought a potion of mutation for 120 gold pieces
 74641 | Vaults:5 | Bought a potion of curing for 45 gold pieces
 74641 | Vaults:5 | Bought a potion of invisibility for 120 gold pieces
 74641 | Vaults:5 | Bought a potion of enlightenment for 75 gold pieces
 74641 | Vaults:5 | Bought a potion of attraction for 45 gold pieces
 74641 | Vaults:5 | Bought a potion of mutation for 120 gold pieces
 74641 | Vaults:5 | Bought a potion of curing for 45 gold pieces
 74641 | Vaults:5 | Bought a potion of attraction for 45 gold pieces
 74641 | Vaults:5 | Bought 2 potions of might for 120 gold pieces
 74689 | Vaults:5 | Acquired the ring of Honesty {rN+ rCorr}
 74691 | Vaults:5 | Acquired the ring "Aheacou" {rC+ rN+}
 75278 | Crypt:1  | Entered Level 1 of the Crypt
 75485 | Crypt:1  | Identified the ring of Pride {Ice Slay+2}
 75485 | Crypt:1  | Noticed Josephina
 75509 | Crypt:1  | Killed Josephina
 76164 | Crypt:1  | Found a runed translucent door.
 76165 | Crypt:1  | Noticed Tanach's ghost (legendary CoWr)
 76673 | Crypt:1  | Slain by a vampire knight

Illustrated notes

Levels and vault maps discovered:
D:1:      dpeg_arrival_renting, layout_rooms,
          dreamdust_ecumenical_altar_angels_and_demons, hex_intersection
D:2:      minmay_razor_zed, layout_loops_ring, serial_shops, shop,
          hangedman_decor_points, uniq_terence
D:3:      layout_rooms, kennysheep_generic_room_3
D:4:      layout_basic, nicolae_ru_awakened_eye, uniq_ijyb, uniq_robin
D:5:      layout_basic, uniq_menkaure
D:6:      layout_basic, mainiacjoe_overflow_catwalk
D:7:      due_chaos_kobolds, layout_basic, minmay_temple_entry_slanted,
          uniq_joseph, uniq_jeremiah
D:8:      minmay_the_grid_octo_tiled_octocenter [minmay_the_grid_octo_pinwheel,
          minmay_the_grid_octo_shrine, minmay_the_grid_octo_toaster,
          minmay_the_grid_octo_fan_narrow,
          minmay_the_grid_octo_prize_ultimate_mussel_roller,
          minmay_the_grid_square_5x5_inner_z,
          minmay_the_grid_square_5x5_detours,
          minmay_the_grid_square_5x5_intrusive_squares,
          minmay_the_grid_square_5x5_shrine2], layout_cave_pods,
          lemuel_zombie_altar_yredelemnul, gammafunk_temple_overflow_arena,
          jmf_multi_god_temple2, serial_shops, shop_statue
D:9:      bobbens_index_wilting_gardens, layout_long_grid, okawaru_gym_becter,
          serial_shops, shop, shop, nicolae_square_shop
D:10:     layout_loops_ring, mainiacjoe_overflow_surrounded_room,
          muffindrake_ghost_dual_entry, uniq_erica, uniq_maurice
D:11:     layout_layer_cave, david_lair_generic, erik_orc_4, uniq_snorg,
          uniq_harold, uniq_sonja
D:12:     layout_cave_pools, gammafunk_ghost_hive
D:13:     layout_basic, david_vaults_5, ebering_ghost_reflecting_pool
D:14:     minmay_slanted_spiral_squares, layout_loops_ring, xom_redecorated,
          serial_rivers, chequers_serial_rivers_micro_c,
          chequers_serial_rivers_micro_d, chequers_serial_rivers_micro_a,
          chequers_serial_rivers_micro_b, chequers_serial_rivers_room_a,
          chequers_serial_rivers_micro_d, serial_bayou_pond_a,
          chequers_decorated_corner, serial_bayou_crossing, uniq_azrael
D:15:     gammafunk_enter_depths_forms, layout_loops_ring,
          minmay_misc_feat_nine_boxes, uniq_nessos
Temple:   oiseaux_autumnal_temple
Lair:1:   layout_gridlike
Lair:2:   lemuel_ratsnest, layout_gridlike, nicolae_spider_entry_non_spiders,
          infiniplex_staircase_pool_2, uniq_urug
Lair:3:   layout_chaotic_city, minmay_swamp_entry_worms, grunt_megastairs_4,
          uniq_amaemon
Lair:4:   layout_cave_pods, slime_entry_1, grunt_megastairs_2
Lair:5:   guppyfry_lair_end_dragon, layout_hall_layers, wad_woods_road_03,
          nicolae_lair_grazing_beasts [nicolae_sub_lair_graze_edge,
          nicolae_sub_lair_graze_edge, nicolae_sub_lair_graze_edge,
          nicolae_sub_lair_graze_edge]
Swamp:1:  layout_basic_swamp, evilmike_swamp_ruin_house_3, swamp_pool_3,
          grunt_witch_cave
Swamp:2:  layout_basic_swamp, nicolae_swamp_tree_isthmus,
          tekkud_bubbles_buried_in_this_jungle
Swamp:3:  regret_index_all_hallows'_manor, layout_basic_swamp,
          evilmike_swamp_ruin_house_6, infiniplex_staircase_pool,
          uniq_bai_suzhen
Swamp:4:  swamp_icy, layout_basic_swamp, uniq_louise
Spider:1: layout_spider_delve, beargit_elvish_explorers
Spider:2: layout_spider_delve
Spider:3: layout_chambers, nicolae_spider_jagged_tunnels
Spider:4: grunt_spider_rune_island
Orc:1:    layout_caves, basic_altar
Orc:2:    st_orc_congregation, layout_caves, einodemon_barbed_minivault
Elf:1:    eino_elf_arrival_altar, layout_rooms, mu_enter_wizlab_7,
          guppyfry_library_mini, minivault_5, minmay_misc_feat_columns,
          nicolae_gammafunk_elf_defective_weapons_storage
Elf:2:    elven_hall_of_blades_hangedman_alternative
          [nicolae_blade_entry_hurt_lockers], layout_onion_city, basic_altar,
          minmay_shop_grove
Elf:3:    nooodl_elf_gasket, layout_loops_corners, serial_sigils_hangedman_snap
Vaults:1: portal_desolation_entry_nicolae_nacl, hangedman_vaults_stagger,
          nicolae_vaults_two_Ls, nicolae_vaults_more_shelving_2,
          v_alt_pattern_3, minmay_guarded_unrand_sword_of_power, v_misc_22,
          nicolae_vaults_little_squares_6, vaults_standard_mumra_x, v_misc_23,
          layout_vaults_chaotic_city
Vaults:2: hangedman_vaults_river_flow, nicolae_vaults_lopsided_apartments,
          ontoclasm_vaults_ring_large, nicolae_vaults_circle_grid_a,
          hangedman_vaults_slice, v_misc_19, nicolae_vaults_weapon_check,
          vaults_dpeg_emergency_exit, nicolae_vaults_little_squares_4,
          layout_vaults_omnibox, uniq_margery
Vaults:3: serial_library_hellmonk_open_cross, nicolae_vaults_storage_closets_2,
          minmay_crypt_entry_simple_sparse, nicolae_vaults_six-pack,
          nicolae_vaults_double_plus_2, nicolae_vaults_trapezoid_layered,
          ontoclasm_vaults_ligature, nicolae_vaults_double_plus_2,
          nicolae_vaults_sesquioval_fish, nicolae_vaults_murder_corner,
          nicolae_vaults_closet_pinwheel_1, layout_vaults_omnicross,
          serial_shops, shop
Vaults:4: ontoclasm_vaults_chip, v_misc_32, vaults_room_door_ring,
          hangedman_vaults_stitches, dpeg_vaults_waves,
          nicolae_vaults_diagonal_hallway_7, v_misc_33,
          nicolae_vaults_twisting_passages, v_misc_2,
          nicolae_vaults_ring_of_whatevers, nicolae_vaults_house_1,
          layout_vaults_maze
Vaults:5
Crypt:1:  layout_misc_corridors, gammafunk_ghost_grave,
          grunt_crypt_arrival_split, grunt_megastairs_1, uniq_josephina
Crypt:2:  evilmike_wizard_prison, layout_regular_city,
          hellmonk_ghost_happy_afterlife

Skill      XL: |  1  2  3  4  5  6  7  8  9 10 11 12 13 14 15 16 17 18 19 20 21 22 23 |
---------------+----------------------------------------------------------------------+-----
Shapeshifting  | 4 5 6 7 9 10 11 13 16 18 19 21 22 23 24 26 27 | 27.0
Fighting       | 4 8 10 13 16 18 20 21 23 | 23.4
Unarmed Combat | 4 7 10 15 17 19 20 21 | 21.5
Stealth        | 5 6 9 10 | 10.0
Shields        | 3 5 |  5.2
Dodging        | |  1.7

Action                     |  1- 3 |  4- 6 |  7- 9 | 10-12 | 13-15 | 16-18 | 19-21 | 22-24 || total
---------------------------+-------+-------+-------+-------+-------+-------+-------+-------++-------
  Melee: Quarterstaff      |    97 |    48 |       |       |       |       |       |       ||   145
         Unarmed           |     4 |   132 |   246 |   585 |  1237 |  1585 |  1126 |   692 ||  5607
         Tailslap          |     9 |    14 |    31 |    81 |   226 |   294 |    38 |    65 ||   758
         Punch             |       |     5 |     6 |    35 |    90 |   121 |   110 |    45 ||   412
 Invoke: Heal Self         |       |     2 |     5 |     5 |     4 |    18 |       |       ||    34
         Purification      |       |       |       |       |       |    17 |       |       ||    17
         Serpent's Lash    |       |       |       |       |       |       |     4 |     4 ||     8
         Heavenly Storm    |       |       |       |       |       |       |     3 |     1 ||     4
Ability: Galvanic Breath   |       |       |     7 |     5 |    12 |     6 |       |       ||    30
         Lunge             |       |       |       |       |       |    34 |   116 |    54 ||   204
         Whirlwind         |       |       |       |       |       |    15 |   153 |    84 ||   252
         Siphon Essence    |       |       |       |       |       |     4 |     1 |       ||     5
         Blinkbolt         |       |       |       |       |       |       |    19 |     9 ||    28
         Wall Jump         |       |       |       |       |       |       |     7 |     4 ||    11
  Evoke: Wand              |       |     2 |     7 |    17 |    14 |     1 |       |       ||    41
         Phial of floods   |       |       |       |       |     1 |       |       |       ||     1
         Phantom mirror    |       |       |       |       |       |     1 |       |       ||     1
    Use: Scroll            |       |       |    10 |     3 |     9 |    33 |     5 |    10 ||    70
         Potion            |       |       |       |     6 |     2 |     3 |       |       ||    11
   Stab: Sleeping          |     1 |     3 |     1 |       |     3 |     5 |    30 |    11 ||    54
         Paralysed         |       |       |     1 |    14 |       |       |       |       ||    15
         Petrified         |       |       |     1 |       |       |       |       |       ||     1
         Distracted        |       |       |       |       |     1 |       |     2 |     2 ||     5
 Armour: Skin              |    62 |   118 |   174 |   564 |   884 |  1630 |   341 |   226 ||  3999
  Dodge: Dodged            |    66 |    97 |   119 |   395 |   629 |  1019 |   791 |   485 ||  3601
  Block: Other             |       |       |       |    61 |   118 |       |       |       ||   179
         Reflection        |       |       |       |    19 |     3 |       |       |       ||    22
         Kite shield       |       |       |       |       |       |   225 |   104 |    90 ||   419
   Form: Blade             |       |       |     1 |       |       |       |       |       ||     1
         Death             |       |       |       |       |       |     1 |     2 |     1 ||     4
         Storm             |       |       |       |       |       |       |     4 |       ||     4
                           |       |       |       |       |       |       |     3 |       ||     3

Table legend: (Time is in decaauts)
 A = Elapsed time spent in this place.
 B = Non-inter-level travel time spent in this place.
 C = Inter-level travel time spent in this place.
 D = Time resting spent in this place.
 E = Time spent auto-exploring this place.
 F = Levels seen in this place.
 G = Mean time per level.
                   A        B        C        D        E       F      G
               +--------+--------+--------+--------+--------+-----+--------+
         Total |  75814 |  69821 |   5993 |   8777 |  48241 |  42 | 1805.1 |
       Dungeon |  26471 |  23643 |   2828 |   2713 |  16988 |  15 | 1764.7 |
        Temple |     65 |     34 |     31 |      0 |     24 |   1 |   65.0 |
          Lair |  11849 |  10936 |    913 |   1679 |   7552 |   5 | 2369.8 |
         Swamp |   6646 |   6233 |    413 |    984 |   3829 |   4 | 1661.5 |
   Spider Nest |  11203 |  10925 |    278 |   2519 |   6700 |   4 | 2800.8 |
  Orcish Mines |   4295 |   3865 |    430 |    513 |   2236 |   2 | 2147.5 |
   Elven Halls |   4629 |   4292 |    337 |     11 |   3306 |   3 | 1543.0 |
        Vaults |   8298 |   7592 |    706 |    180 |   6253 |   5 | 1659.6 |
         Crypt |   1334 |   1281 |     53 |    163 |    805 |   2 |  667.0 |
    Desolation |   1019 |   1019 |      0 |     14 |    547 |   1 | 1019.0 |
               +--------+--------+--------+--------+--------+-----+--------+

Top non-repeatable levels by time:
Spider:3: 4936 daAuts
  Lair:2: 4175 daAuts
     D:8: 3261 daAuts
   Orc:2: 2969 daAuts
     D:9: 2943 daAuts
    D:10: 2888 daAuts
    D:11: 2737 daAuts
  Lair:5: 2457 daAuts
Spider:4: 2328 daAuts
Vaults:4: 2319 daAuts
 Swamp:2: 2101 daAuts
    D:15: 2064 daAuts
Spider:1: 2046 daAuts
Spider:2: 1892 daAuts
    D:13: 1880 daAuts
